[Event "Monday Night Engine Tour 11 rd Swiss 5m+1s Starts at 2200hrs ST"]
[Site "Infinity Chess"]
[Date "2018.4.23"]
[Round "4"]
[White "Deep_Impact"]
[Black "SkyPilot"]
[Result "1/2-1/2"]
[ECO "C50"]
[WhiteElo "2523"]
[BlackElo "2518"]
[WhiteEngine "BrainFish_180411_x64_bmi2"]
[BlackEngine "stockfish_x64_bmi2_2018_04_07_CTG"]
[EventType "Swiss"]
[WhiteTeam ""]
[BlackTeam ""]
[PlyCount "133"]
[TimeControl "300+1"]

1. e4 e5 2. Nf3 Nc6 3. Bc4 Bc5 4. O-O Nf6 5. d3 d6 6. c3 O-O 7. Re1 Bb6 8. h3 h6 
9. Nbd2 a5 10. a4 Be6 11. Bxe6 fxe6 12. Nc4 Bc5 13. Be3 Bxe3 14. Rxe3 Nd7 
15. Na3 Qe7 16. Nb5 Nf6 17. Na3 Rf7 18. Qb3 Qd7 19. Rd1 Nh5 20. d4 exd4 
21. Nxd4 Nxd4 22. cxd4 Raf8 23. Qb5 d5 24. Qxd7 Rxd7 25. e5 c6 26. g3 g5 
27. Rd2 Ng7 28. g4 Rb8 29. Nc2 b5 30. Ra3 bxa4 31. Rxa4 Rxb2 32. Rxa5 Ne8 
33. Rc5 Rb6 34. Kg2 Rf7 35. Ne1 Nc7 36. Ra2 Nb5 37. Ra8+ Rf8 38. Ra4 Rf4 
39. Nf3 Kg7 40. Ra5 Nxd4 41. Ra7+ Kf8 42. Nxd4 Rxd4 43. Ra8+ Ke7 44. Rca5 Rb7 
45. Rh8 Rf4 46. Ra6 Rc7 47. Rh7+ Rf7 48. Rxh6 d4 49. Kf1 d3 50. Ke1 Rd7 
51. Rxc6 d2+ 52. Kd1 Rxf2 53. Rcxe6+ Kd8 54. Rh8+ Kc7 55. Rf6 Rg2 56. Rd6 Rxd6 
57. exd6+ Kxd6 58. Rd8+ Ke5 59. Rxd2 Rg1+ 60. Kc2 Rg3 61. Re2+ Kd4 62. Rd2+ Ke5 
63. Re2+ Kd5 64. h4 gxh4 65. Re8 h3 66. g5 h2 67. Rh8 1/2-1/2

[Event "Monday Night Engine Tour 11 rd Swiss 5m+1s Starts at 2200hrs ST"]
[Site "Infinity Chess"]
[Date "2018.4.23"]
[Round "3"]
[White "Dovahkiin"]
[Black "gmmarolideus"]
[Result "0-1 "]
[ECO "C02"]
[WhiteElo "2464"]
[BlackElo "2239"]
[WhiteEngine "BrainFish_180418_x64_modern_CTG"]
[BlackEngine "asmFishW_2018-04-07_popcnt_CTG"]
[EventType "Swiss"]
[WhiteTeam ""]
[BlackTeam ""]
[PlyCount "226"]
[TimeControl "300+1"]

1. e4 e6 2. d4 d5 3. e5 c5 4. c3 Nc6 5. Nf3 Bd7 6. Be2 Nge7 7. O-O cxd4 
8. cxd4 Nf5 9. Nc3 a6 10. g4 Nh4 11. Nxh4 Qxh4 12. f4 Rc8 13. Be3 Na5 
14. Bf2 Qd8 15. Bd3 Bb4 16. Rc1 O-O 17. Qe2 Bxc3 18. Rxc3 Rxc3 19. bxc3 Bb5 
20. Bxb5 axb5 21. Rb1 Qc7 22. Be1 Qc4 23. Qxc4 Nxc4 24. Rxb5 h5 25. gxh5 b6 
26. a3 Ra8 27. Kg2 Kh7 28. Kh3 Kh6 29. Kg4 Rxa3 30. Rb1 Ra2 31. Bg3 Rc2 
32. Rb3 Rc1 33. Kh4 g6 34. hxg6 Kxg6 35. Kg4 Rf1 36. Kh4 Rf3 37. Kg4 Rf1 
38. Rb5 Ne3+ 39. Kh3 Nc4 40. Kg4 Ne3+ 41. Kh3 Rc1 42. Rxb6 Rxc3 43. Rb7 Rc2 
44. Rb3 Nf5 45. Kg4 Nxd4 46. Rd3 Nf5 47. Kf3 Ne7 48. Kg4 Nf5 49. Kf3 Ng7 
50. Kg4 Rc4 51. Rb3 Nf5 52. Rd3 Rc1 53. Bf2 Nh6+ 54. Kf3 Kf5 55. h3 Rc4 
56. Bg3 Kg6 57. Be1 Nf5 58. Rc3 Ra4 59. Bf2 Ng7 60. Rb3 Rc4 61. Ba7 Rc1 
62. Be3 Rc2 63. Ra3 Rh2 64. Kg3 Re2 65. Kf3 Rb2 66. Rc3 Rb1 67. Ra3 Rb2 
68. Rc3 Rh2 69. Kg3 Re2 70. Kf3 Rh2 71. Kg3 Rh1 72. Kg2 Rb1 73. Kf3 Rh1 
74. Kg2 Rb1 75. Kf3 Rf1+ 76. Kg2 Ra1 77. Kf3 Rf1+ 78. Kg2 Ra1 79. Kf3 Ra4 
80. Rd3 Rb4 81. Ra3 Rb8 82. Rd3 Rh8 83. Kg4 Rc8 84. Kf3 Ra8 85. Rb3 Ra2 
86. Rd3 Rh2 87. Kg3 Rh1 88. Kg2 Ra1 89. Kf3 Nh5 90. Rb3 Rf1+ 91. Kg4 d4 
92. Bd2 Rg1+ 93. Kh4 Rg2 94. Rd3 Kf5 95. Rxd4 Rg7 96. Rd8 Nxf4 97. Bxf4 Kxf4 
98. Rh8 Kxe5 99. Rb8 Kf4 100. Rb4+ Kf5 101. Rb3 e5 102. Rf3+ Ke6 103. Kh5 f5 
104. Kh6 Rg2 105. Kh5 f4 106. h4 Rg3 107. Rf1 f3 108. Kh6 e4 109. h5 e3 
110. Ra1 f2 111. Ra6+ Kf5 112. Ra1 e2 113. Ra5+ Kg4 0-1

[Event "Monday Night Engine Tour 11 rd Swiss 5m+1s Starts at 2200hrs ST"]
[Site "Infinity Chess"]
[Date "2018.4.23"]
[Round "3"]
[White "OlivierEvan"]
[Black "star99"]
[Result "1/2-1/2"]
[ECO "C20"]
[WhiteElo "2426"]
[BlackElo "2465"]
[WhiteEngine "Houdini 6"]
[BlackEngine "Cryptic Heroes 9.4B"]
[EventType "Swiss"]
[WhiteTeam ""]
[BlackTeam ""]
[PlyCount "127"]
[TimeControl "300+1"]

1. e4 e5 2. d3 Nc6 3. f4 d5 4. exd5 Qxd5 5. Nc3 Bb4 6. Bd2 Qe6 7. fxe5 Nxe5 
8. Qe2 Nf6 9. O-O-O O-O 10. Re1 Re8 11. a3 Ba5 12. d4 Bxc3 13. Bxc3 Neg4 
14. Qxe6 Bxe6 15. Nf3 Bd5 16. Bd2 Rxe1+ 17. Nxe1 Re8 18. c4 Be6 19. Be2 Bf5 
20. Bf3 c6 21. h3 Nf2 22. Rg1 h6 23. b3 Bh7 24. a4 N2e4 25. Nc2 Nxd2 
26. Kxd2 Rd8 27. Re1 Kf8 28. a5 a6 29. Rd1 Ne4+ 30. Bxe4 Bxe4 31. g4 f5 
32. gxf5 Bxf5 33. h4 Kf7 34. Kc3 Bxc2 35. Kxc2 g5 36. hxg5 hxg5 37. Kd3 Kg6 
38. Ke3 Kf6 39. Rf1+ Kg6 40. Rg1 Kf6 41. Rf1+ Kg7 42. b4 Re8+ 43. Kd3 Rd8 
44. Rg1 Kf6 45. Ke4 Rg8 46. Rf1+ Ke6 47. Rf2 g4 48. Re2 g3 49. Kf4+ Kf6 
50. Rg2 Rd8 51. Ke4 Rg8 52. Kf4 Rd8 53. Kxg3 Rxd4 54. Rf2+ Ke5 55. Rf7 c5 
56. Re7+ Kd6 57. Rxb7 cxb4 58. Rxb4 Rd3+ 59. Kg4 Kc5 60. Rb6 Rd1 61. Kf5 Kxc4 
62. Rxa6 Rf1+ 63. Ke4 Kb5 64. Ra7 1/2-1/2

[Event "Monday Night Engine Tour 11 rd Swiss 5m+1s Starts at 2200hrs ST"]
[Site "Infinity Chess"]
[Date "2018.4.23"]
[Round "3"]
[White "MarioDeMonti"]
[Black "ocirema"]
[Result "1/2-1/2"]
[ECO "B90"]
[WhiteElo "2476"]
[BlackElo "2473"]
[WhiteEngine "stockfish_x64_bmi2_2018_02_18_CTG"]
[BlackEngine "Eman 1.70-beta21 64-bit POPCNT_CTG"]
[EventType "Swiss"]
[WhiteTeam ""]
[BlackTeam ""]
[PlyCount "88"]
[TimeControl "300+1"]

1. e4 c5 2. Nf3 d6 3. d4 cxd4 4. Nxd4 Nf6 5. Nc3 a6 6. Be3 e5 7. Nb3 Be6 
8. f3 Nbd7 9. Qd2 Be7 10. g4 O-O 11. O-O-O b5 12. g5 Nh5 13. Kb1 Nb6 
14. Nd5 Nxd5 15. exd5 Bf5 16. Na5 f6 17. h4 Ng3 18. Nc6 Qd7 19. Rg1 Nxf1 
20. Rdxf1 fxg5 21. hxg5 Rae8 22. Qa5 Ra8 23. Rf2 Bg6 24. a3 Rf5 25. Qd2 Raf8 
26. Rgf1 Bh5 27. f4 exf4 28. Bxf4 Bd8 29. Be3 Rxf2 30. Rxf2 Re8 31. b3 a5 
32. Bd4 a4 33. Kb2 Bf7 34. Bc3 axb3 35. cxb3 Bb6 36. Re2 Qg4 37. Rxe8+ Bxe8 
38. Bb4 Kh8 39. Bxd6 Qe4 40. Qf4 Qe2+ 41. Kc3 Qe1+ 42. Kb2 Qe2+ 43. Kc3 Qe1+ 
44. Kb2 Qe2+ 1/2-1/2

[Event "Monday Night Engine Tour 11 rd Swiss 5m+1s Starts at 2200hrs ST"]
[Site "Infinity Chess"]
[Date "2018.4.23"]
[Round "3"]
[White "Coco69"]
[Black "Seliga"]
[Result "1/2-1/2"]
[ECO "C77"]
[WhiteElo "2478"]
[BlackElo "2499"]
[WhiteEngine "BrainFish_180418_x64_CTG"]
[BlackEngine "AsmFish A12_CTG"]
[EventType "Swiss"]
[WhiteTeam ""]
[BlackTeam ""]
[PlyCount "118"]
[TimeControl "300+1"]

1. e4 e5 2. Nf3 Nc6 3. Bb5 a6 4. Ba4 Nf6 5. O-O Be7 6. Re1 b5 7. Bb3 O-O 
8. a4 Bb7 9. d3 d6 10. Na3 Na5 11. Ba2 b4 12. Nc4 Nxc4 13. Bxc4 a5 14. c3 c5 
15. Qe2 Nd7 16. h3 Rc8 17. Be3 Kh8 18. Nd2 f5 19. exf5 d5 20. Bb5 Rxf5 
21. d4 Qc7 22. Qg4 Rcf8 23. Nf3 Bc6 24. Nxe5 Nxe5 25. dxe5 Rxe5 26. Bxc6 Qxc6 
27. Bf4 Re4 28. Rxe4 dxe4 29. Be3 h6 30. Qh5 Kh7 31. Qg4 Kh8 32. cxb4 axb4 
33. Qh5 Ra8 34. a5 Kh7 35. g3 Bf6 36. Qxc5 Qxc5 37. Bxc5 Bxb2 38. Rb1 Rxa5 
39. Rxb2 Rxc5 40. Rxb4 Rc1+ 41. Kg2 Re1 42. h4 Kg6 43. Rb6+ Kf7 44. Rb7+ Kf6 
45. Rb6+ Kf5 46. Rb5+ Kg6 47. h5+ Kf6 48. Rb6+ Kg5 49. Rg6+ Kxh5 50. Rxg7 Ra1 
51. Re7 Re1 52. Kh3 Rh1+ 53. Kg2 Re1 54. Rg7 Ra1 55. Re7 Ra4 56. f3 exf3+ 
57. Kxf3 Ra6 58. Kg2 Ra3 59. Rd7 Ra2+ 1/2-1/2

[Event "Monday Night Engine Tour 11 rd Swiss 5m+1s Starts at 2200hrs ST"]
[Site "Infinity Chess"]
[Date "2018.4.23"]
[Round "3"]
[White "Deep_Impact"]
[Black "Victorious"]
[Result "1/2-1/2"]
[ECO "C50"]
[WhiteElo "2522"]
[BlackElo "2559"]
[WhiteEngine "BrainFish_180411_x64_bmi2"]
[BlackEngine "Cfish_x64_180418_NUMA_ELTO_popcnt"]
[EventType "Swiss"]
[WhiteTeam ""]
[BlackTeam ""]
[PlyCount "156"]
[TimeControl "300+1"]

1. e4 e5 2. Nf3 Nc6 3. Bc4 Bc5 4. O-O Nf6 5. d3 d6 6. c3 a5 7. Bg5 Ba7 
8. Nbd2 h6 9. Bh4 O-O 10. Re1 g5 11. Bg3 Nh7 12. h3 g4 13. hxg4 Bxg4 14. Kh1 Kh8 
15. Qc1 Qf6 16. Nh2 Be6 17. Bb3 a4 18. Bxe6 fxe6 19. Ndf3 Qg6 20. Nh4 Qg7 
21. N4f3 Nf6 22. Bh4 Ne7 23. Bxf6 Rxf6 24. Qc2 Ng6 25. b4 Nf4 26. Rg1 Rg8 
27. Raf1 b5 28. g4 c5 29. bxc5 Bxc5 30. d4 Ba7 31. Rg3 exd4 32. cxd4 Qb7 
33. Re1 Bb6 34. Qd2 Qa8 35. Qd1 Rg7 36. Nh4 Rff7 37. Ng2 e5 38. Nf3 Ne6 
39. Rh3 Bxd4 40. Nxd4 Nxd4 41. f4 Kg8 42. f5 Qc6 43. Nh4 b4 44. Ng6 b3 
45. axb3 axb3 46. Rxb3 Nxb3 47. Qxb3 Kh7 48. Qh3 Rf6 49. g5 Rfxg6 50. fxg6+ Rxg6 
51. Qf5 Qc7 52. Kh2 hxg5 53. Rh1 Kg7 54. Kg2 g4 55. Rf1 Qe7 56. Rh1 Qe6 
57. Qxe6 Rxe6 58. Kg3 Rh6 59. Rd1 Rf6 60. Kxg4 Kf8 61. Ra1 Rf4+ 62. Kg5 Ke8 
63. Ra4 Ke7 64. Rb4 Rf6 65. Ra4 Ke6 66. Ra2 Ke7 67. Ra1 Rf4 68. Re1 Kd7 
69. Re3 Rf2 70. Re1 Kc6 71. Ra1 Rf4 72. Rc1+ Kd7 73. Re1 Kc6 74. Rc1+ Kd7 
75. Rc4 Ke6 76. Ra4 Ke7 77. Rb4 Kf7 78. Ra4 Rf1 1/2-1/2

[Event "Monday Night Engine Tour 11 rd Swiss 5m+1s Starts at 2200hrs ST"]
[Site "Infinity Chess"]
[Date "2018.4.23"]
[Round "3"]
[White "SkyPilot"]
[Black "Murx"]
[Result "1/2-1/2"]
[ECO "C55"]
[WhiteElo "2516"]
[BlackElo "2557"]
[WhiteEngine "stockfish_x64_bmi2_2018_04_07_CTG"]
[BlackEngine "asmFishW_2018-04-07_popcnt"]
[EventType "Swiss"]
[WhiteTeam ""]
[BlackTeam ""]
[PlyCount "138"]
[TimeControl "300+1"]

1. e4 e5 2. Nf3 Nc6 3. Bc4 Nf6 4. d3 Bc5 5. c3 d6 6. O-O a6 7. a4 O-O 
8. Nbd2 Ne7 9. Re1 Ng6 10. b4 Ba7 11. h3 c6 12. d4 Re8 13. Bd3 Be6 14. a5 Nh5 
15. Nb3 Nhf4 16. Bf1 Qf6 17. Rb1 exd4 18. cxd4 Qd8 19. Qc2 Qf6 20. Qc3 Rac8 
21. Bb2 Ne7 22. Bc1 Neg6 23. Bd2 Qe7 24. Qc1 Qf6 25. Qd1 Qd8 26. Be3 Bb8 
27. g3 Nxh3+ 28. Kh2 Qd7 29. Nfd2 f6 30. f4 Bg4 31. Bxh3 Bxh3 32. f5 Bxf5 
33. exf5 Qxf5 34. Qf3 Qxf3 35. Nxf3 Ne7 36. Kg2 Kf7 37. Nfd2 h5 38. Bf2 Nd5 
39. Nc4 Rxe1 40. Bxe1 Re8 41. Bd2 g5 42. Kf3 Ne7 43. Re1 Nf5 44. Ne3 Kg6 
45. Nxf5 Rxe1 46. Nh4+ gxh4 47. Bxe1 h3 48. Bf2 Kf5 49. Nd2 Bc7 50. Bg1 Ke6 
51. Ne4 Bd8 52. Nf2 Kd5 53. Nxh3 Kc4 54. d5 cxd5 55. Nf4 Kxb4 56. Nxh5 Kc4 
57. g4 d4 58. Bf2 d3 59. Be1 d5 60. Kf4 Be7 61. Ke3 Bc5+ 62. Kd2 b6 
63. axb6 Bxb6 64. Nxf6 Ba5+ 65. Kd1 Bxe1 66. Kxe1 a5 67. Kd2 a4 68. Nxd5 Kxd5 
69. Kxd3 Ke5 1/2-1/2

[Event "Monday Night Engine Tour 11 rd Swiss 5m+1s Starts at 2200hrs ST"]
[Site "Infinity Chess"]
[Date "2018.4.23"]
[Round "2"]
[White "OlivierEvan"]
[Black "gmmarolideus"]
[Result "1-0"]
[ECO "C00"]
[WhiteElo "2417"]
[BlackElo "2248"]
[WhiteEngine "Houdini 6"]
[BlackEngine "asmFishW_2018-04-07_popcnt_CTG"]
[EventType "Swiss"]
[WhiteTeam ""]
[BlackTeam ""]
[PlyCount "130"]
[TimeControl "300+1"]

1. e4 e6 2. d3 d5 3. Be2 c5 4. f4 Nc6 5. Nf3 Nf6 6. e5 Nd7 7. O-O Be7 8. c3 O-O 
9. d4 b6 10. Be3 Bb7 11. a3 a5 12. a4 cxd4 13. cxd4 Rc8 14. Bb5 Nb4 15. Nc3 Nb8 
16. Rc1 N8c6 17. Qd2 Na7 18. Be2 Nac6 19. g4 Kh8 20. Ng5 Kg8 21. h4 Qe8 
22. h5 Qd8 23. Nf3 f6 24. exf6 Rxf6 25. g5 Rf8 26. Nh4 Qd7 27. Bg4 Ba6 
28. Nb5 Nd8 29. f5 Rxc1 30. Qxc1 exf5 31. Nxf5 Kh8 32. Qd2 Qe6 33. Qf2 Bxb5 
34. axb5 Nf7 35. Nh6 Qe4 36. Bf5 Nxg5 37. Bxg5 Bxg5 38. Bxe4 Rxf2 39. Kxf2 Bxh6 
40. Bb1 Bg5 41. Ke2 Kg8 42. Bf5 g6 43. hxg6 hxg6 44. Bxg6 Kg7 45. Bb1 Bf6 
46. Rf4 Kf7 47. Kf3 Ke7 48. Kg4 Ke6 49. Kh5 Bd8 50. Kg6 Kd7 51. Rf7+ Kc8 
52. Rf8 Kd7 53. Bf5+ Kc7 54. Rh8 Na2 55. Rh7+ Kb8 56. Rd7 Bc7 57. Rxd5 Nc1 
58. Re5 Bd8 59. d5 Nb3 60. d6 Nc5 61. Re8 Nb7 62. Bg4 a4 63. Rg8 a3 
64. bxa3 Nxd6 65. Rxd8+ Kc7 1-0

[Event "Monday Night Engine Tour 11 rd Swiss 5m+1s Starts at 2200hrs ST"]
[Site "Infinity Chess"]
[Date "2018.4.23"]
[Round "2"]
[White "star99"]
[Black "Dovahkiin"]
[Result "1/2-1/2"]
[ECO "C50"]
[WhiteElo "2465"]
[BlackElo "2464"]
[WhiteEngine "Cryptic Heroes 9.4B"]
[BlackEngine "BrainFish_180418_x64_modern_CTG"]
[EventType "Swiss"]
[WhiteTeam ""]
[BlackTeam ""]
[PlyCount "99"]
[TimeControl "300+1"]

1. e4 e5 2. Nf3 Nc6 3. Bc4 Bc5 4. O-O Nf6 5. d3 d6 6. Nc3 a5 7. Bg5 Bg4 
8. Nb5 Bb6 9. h3 Bh5 10. g4 Bg6 11. Be3 Bxe3 12. fxe3 Nd7 13. a3 h5 14. g5 Nb6 
15. Ba2 h4 16. Qe1 Qd7 17. Kh2 Ne7 18. c4 Bh5 19. b4 axb4 20. axb4 Ra4 
21. Qd2 Bxf3 22. Rxf3 O-O 23. Raf1 c5 24. bxc5 dxc5 25. Bb3 Ra6 26. d4 exd4 
27. exd4 Ng6 28. Rf5 cxd4 29. Qd1 Nh8 30. g6 Nxg6 31. c5 Qxb5 32. Rxf7 Nc4 
33. Qxd4 Rxf7 34. Bxc4 Ra2+ 35. Kg1 Qb2 36. Qxb2 Rxb2 37. Bxf7+ Kh7 38. Bd5 Kh6 
39. Rf5 Rb5 40. Bf7 Rb1+ 41. Kg2 Rc1 42. Kf3 Rf1+ 43. Ke3 Rh1 44. e5 Rxh3+ 
45. Ke2 Ra3 46. e6 Ra2+ 47. Kf3 Ra3+ 48. Ke2 Ra2+ 49. Kf3 Ra3+ 50. Ke2 1/2-1/2

[Event "Monday Night Engine Tour 11 rd Swiss 5m+1s Starts at 2200hrs ST"]
[Site "Infinity Chess"]
[Date "2018.4.23"]
[Round "2"]
[White "Coco69"]
[Black "ocirema"]
[Result "1/2-1/2"]
[ECO "C50"]
[WhiteElo "2478"]
[BlackElo "2473"]
[WhiteEngine "BrainFish_180418_x64_CTG"]
[BlackEngine "Eman 1.70-beta21 64-bit POPCNT_CTG"]
[EventType "Swiss"]
[WhiteTeam ""]
[BlackTeam ""]
[PlyCount "87"]
[TimeControl "300+1"]

1. e4 e5 2. Nf3 Nc6 3. Bc4 Bc5 4. O-O Nf6 5. d3 O-O 6. c3 d6 7. Bg5 h6 8. Bh4 g5 
9. Bg3 a6 10. a4 Ba7 11. Nbd2 Nh7 12. h3 h5 13. Kh1 Kh8 14. b4 h4 15. Bh2 g4 
16. hxg4 Bxg4 17. b5 Na5 18. Ba2 Qf6 19. d4 Rae8 20. Qb1 Qh6 21. Qd3 f5 
22. exf5 h3 23. Rg1 Bxf5 24. Qe3 Qxe3 25. fxe3 Nf6 26. dxe5 Ng4 27. Bg3 Bxe3 
28. exd6 hxg2+ 29. Rxg2 cxd6 30. Nh4 Bd3 31. Re1 axb5 32. axb5 Bxd2 
33. Rxe8 Rxe8 34. Rxd2 Re3 35. Kg2 Be4+ 36. Kh3 Nf6 37. Rxd6 Kg7 38. Re6 Rxc3 
39. Re7+ Kh6 40. Re6 Kg5 41. Re5+ Kh6 42. Re6 Kg5 43. Re5+ Kh6 44. Re6 1/2-1/2

[Event "Monday Night Engine Tour 11 rd Swiss 5m+1s Starts at 2200hrs ST"]
[Site "Infinity Chess"]
[Date "2018.4.23"]
[Round "2"]
[White "Seliga"]
[Black "MarioDeMonti"]
[Result "1/2-1/2"]
[ECO "C55"]
[WhiteElo "2500"]
[BlackElo "2475"]
[WhiteEngine "AsmFish A12_CTG"]
[BlackEngine "stockfish_x64_bmi2_2018_02_18_CTG"]
[EventType "Swiss"]
[WhiteTeam ""]
[BlackTeam ""]
[PlyCount "91"]
[TimeControl "300+1"]

1. e4 e5 2. Nf3 Nc6 3. Bc4 Nf6 4. d3 Bc5 5. O-O d6 6. c3 O-O 7. Bg5 h6 8. Bh4 a6 
9. Bb3 g5 10. Bg3 Ba7 11. Nbd2 Na5 12. Ba4 Nh5 13. b4 Nxg3 14. hxg3 b5 
15. Bc2 Nc6 16. Bb3 Be6 17. a4 Qd7 18. Re1 Bb6 19. Nf1 Ne7 20. a5 Ba7 
21. Bxe6 fxe6 22. Ne3 Nc6 23. d4 Qf7 24. Rc1 Rac8 25. Qd3 exd4 26. cxd4 Nxb4 
27. Qd2 c5 28. e5 d5 29. dxc5 Nc6 30. Ng4 Kg7 31. Nf6 Bb8 32. Re3 Bc7 
33. Rd1 Bxa5 34. Qc2 Qg6 35. Qa2 Bb4 36. Qxa6 Bxc5 37. Ree1 Qf7 38. Kf1 Bb4 
39. Re3 Be7 40. Qxb5 Bxf6 41. exf6+ Qxf6 42. Qb7+ Qf7 43. Qb2+ Qf6 44. Qb7+ Qf7 
45. Qb2+ Qf6 46. Qb7+ 1/2-1/2

[Event "Monday Night Engine Tour 11 rd Swiss 5m+1s Starts at 2200hrs ST"]
[Site "Infinity Chess"]
[Date "2018.4.23"]
[Round "2"]
[White "Murx"]
[Black "Deep_Impact"]
[Result "1/2-1/2"]
[ECO "C77"]
[WhiteElo "2559"]
[BlackElo "2520"]
[WhiteEngine "asmFishW_2018-04-07_popcnt"]
[BlackEngine "BrainFish_180411_x64_bmi2"]
[EventType "Swiss"]
[WhiteTeam ""]
[BlackTeam ""]
[PlyCount "128"]
[TimeControl "300+1"]

1. e4 e5 2. Nf3 Nc6 3. Bb5 a6 4. Ba4 Nf6 5. O-O Be7 6. Re1 b5 7. Bb3 O-O 
8. a4 b4 9. a5 d6 10. c3 Rb8 11. h3 Rb5 12. cxb4 Rxb4 13. d3 Be6 14. Bxe6 fxe6 
15. Bd2 Rb7 16. Na3 d5 17. Qc2 Nd4 18. Nxd4 exd4 19. Qc6 Rxb2 20. Bc1 Rb3 
21. Qxe6+ Kh8 22. Qxa6 dxe4 23. dxe4 Bb4 24. Rf1 Qe7 25. Nb5 Bc5 26. Bf4 Ne8 
27. Bg3 d3 28. e5 d2 29. Kh1 Qd7 30. Na7 Rd3 31. Rad1 g5 32. e6 Qd5 33. Nc6 g4 
34. hxg4 Rxg3 35. fxg3 Rxf1+ 36. Qxf1 Qxe6 37. Qf5 Qe1+ 38. Kh2 Qxd1 
39. Qxc5 Qf1 40. Qd4+ Qf6 41. Qxd2 Qxc6 42. g5 Nd6 43. Qb2+ Kg8 44. Qb8+ Kg7 
45. Qb2+ Kg8 46. Qf6 Qe8 47. a6 Nb5 48. Qf5 Qc6 49. Qc8+ Kg7 50. Qd8 Qd6 
51. Qe8 c6 52. Qe4 h5 53. Kh3 c5 54. Qb7+ Nc7 55. a7 Kg6 56. Qe4+ Kxg5 57. g4 c4 
58. Qxc4 hxg4+ 59. Qxg4+ Kh6 60. g3 Qb6 61. a8=Q Nxa8 62. Qf4+ Kg7 63. Qg4+ Kf7 
64. Qh5+ Ke7 1/2-1/2

[Event "Monday Night Engine Tour 11 rd Swiss 5m+1s Starts at 2200hrs ST"]
[Site "Infinity Chess"]
[Date "2018.4.23"]
[Round "2"]
[White "Victorious"]
[Black "SkyPilot"]
[Result "1/2-1/2"]
[ECO "C50"]
[WhiteElo "2561"]
[BlackElo "2514"]
[WhiteEngine "Cfish_x64_180418_NUMA_ELTO_popcnt"]
[BlackEngine "stockfish_x64_bmi2_2018_04_07_CTG"]
[EventType "Swiss"]
[WhiteTeam ""]
[BlackTeam ""]
[PlyCount "154"]
[TimeControl "300+1"]

1. e4 e5 2. Nf3 Nc6 3. Bc4 Bc5 4. O-O Nf6 5. d3 d6 6. c3 O-O 7. Re1 Bb6 8. h3 a5 
9. a4 h6 10. Nbd2 Be6 11. Ra2 Nd7 12. b3 Qf6 13. Nf1 Rfe8 14. Ng3 Bxc4 
15. bxc4 Kh7 16. Rd2 Qe6 17. Qe2 Nc5 18. Ra2 Nd7 19. Nh4 Rg8 20. Nhf5 Rge8 
21. Rb2 Nf6 22. Be3 Bxe3 23. Qxe3 Reb8 24. Nxg7 Kxg7 25. Nf5+ Kg8 26. d4 exd4 
27. cxd4 Ne7 28. Nxh6+ Kf8 29. Qc1 Nfg8 30. Ng4 b6 31. Rb3 Re8 32. Rf3 Qg6 
33. d5 c6 34. e5 cxd5 35. exd6 Qxd6 36. Ne5 f5 37. Qg5 Rad8 38. Qh5 Qf6 
39. Rg3 Nh6 40. Kh2 d4 41. f4 Qh8 42. Rb1 Rd6 43. Rxb6 Qxe5 44. fxe5 Rxb6 
45. Qg5 Rg6 46. Qd2 Re6 47. Qxd4 Nf7 48. Re3 Rc8 49. Re2 Kg7 50. c5 Kf8 
51. Qc4 Rxe5 52. Rc2 Nc6 53. Qa6 Rc7 54. Qb6 Rc8 55. Rf2 Kg7 56. Rf3 Kf8 
57. Qa6 Rc7 58. Qb5 Kg7 59. Qb6 Rc8 60. Rf1 Kf8 61. Kh1 Rd5 62. Qb5 Re5 
63. Qb6 Rd5 64. Kg1 Re5 65. Kh2 Kg7 66. Qb5 Kf8 67. Rf2 Kg7 68. Qb6 Kf8 
69. Qa6 Rc7 70. Qb6 Rc8 71. Qa6 Rc7 72. Qb5 Rc8 73. Qb6 Rd5 74. Kg1 Rd1+ 
75. Kh2 Rd5 76. Kh1 Rd1+ 77. Kh2 Rd5 1/2-1/2

[Event "Monday Night Engine Tour 11 rd Swiss 5m+1s Starts at 2200hrs ST"]
[Site "Infinity Chess"]
[Date "2018.4.23"]
[Round "1"]
[White "gmmarolideus"]
[Black "MarioDeMonti"]
[Result "1/2-1/2"]
[ECO "C53"]
[WhiteElo "2214"]
[BlackElo "2486"]
[WhiteEngine "asmFishW_2018-04-07_popcnt_CTG"]
[BlackEngine "stockfish_x64_bmi2_2018_02_18_CTG"]
[EventType "Swiss"]
[WhiteTeam ""]
[BlackTeam ""]
[PlyCount "106"]
[TimeControl "300+1"]

1. e4 e5 2. Nf3 Nc6 3. Bc4 Bc5 4. c3 Nf6 5. d4 exd4 6. cxd4 Bb4+ 7. Bd2 Bxd2+ 
8. Nbxd2 d5 9. exd5 Nxd5 10. O-O O-O 11. Rc1 Bg4 12. h3 Bh5 13. Re1 Rb8 
14. Bxd5 Qxd5 15. Qa4 Bxf3 16. Nxf3 Qd6 17. Re4 a6 18. Qc4 Rbe8 19. Re3 h6 
20. Ne5 Nxe5 21. dxe5 Rxe5 22. Qxc7 Re6 23. Qxd6 Rxd6 24. a4 b6 25. Rf3 Rfd8 
26. g3 Rd3 27. Rc3 Rxf3 28. Rxf3 Rd4 29. Rb3 a5 30. Rxb6 Rxa4 31. Kf1 g6 
32. b3 Ra2 33. Rb5 Kg7 34. Kg2 Kf6 35. Kf3 Ra3 36. Kg4 Ke6 37. h4 a4 
38. Rb6+ Kd5 39. bxa4 Rxa4+ 40. Kf3 Ra3+ 41. Kg2 Ke4 42. Rb7 f6 43. f3+ Kd5 
44. h5 Ra2+ 45. Kh3 gxh5 46. Rb5+ Kd4 47. Rxh5 Ra1 48. Rf5 Ke3 49. Rxf6 Kf2 
50. f4 Rg1 51. Kh4 Rh1+ 52. Kg4 h5+ 53. Kg5 Kxg3 1/2-1/2

[Event "Monday Night Engine Tour 11 rd Swiss 5m+1s Starts at 2200hrs ST"]
[Site "Infinity Chess"]
[Date "2018.4.23"]
[Round "1"]
[White "SkyPilot"]
[Black "OlivierEvan"]
[Result "1-0 "]
[ECO "C02"]
[WhiteElo "2501"]
[BlackElo "2430"]
[WhiteEngine "stockfish_x64_bmi2_2018_04_07_CTG"]
[BlackEngine "Houdini 6"]
[EventType "Swiss"]
[WhiteTeam ""]
[BlackTeam ""]
[PlyCount "180"]
[TimeControl "300+1"]

1. e4 e6 2. d4 d5 3. e5 c5 4. c3 Nc6 5. Nf3 Qb6 6. a3 c4 7. Nbd2 Na5 8. Be2 Bd7 
9. O-O Ne7 10. Rb1 h6 11. Re1 Nf5 12. Qc2 Be7 13. h3 Nb3 14. Nxb3 Ba4 
15. Nfd2 Bg5 16. Ra1 Bxd2 17. Qxd2 Qxb3 18. Bh5 Qb5 19. Qe2 g6 20. Bg4 O-O-O 
21. Be3 Rdg8 22. Qd2 Qd7 23. g3 g5 24. Qe2 Kb8 25. Kg2 a6 26. Rh1 Qd8 
27. Rac1 Ka7 28. Rce1 Ng7 29. Bc1 h5 30. Bf3 Rf8 31. Kg1 Rfg8 32. g4 Rh7 
33. Be3 Qe7 34. Rh2 f6 35. exf6 Qxf6 36. Bg2 Ne8 37. Bd2 Bd7 38. Qe5 Qf7 
39. Bc1 Rhg7 40. Bf1 Nf6 41. f3 Qf8 42. Be3 Rg6 43. Rhe2 Bc6 44. Bg2 Ka8 
45. Bc1 hxg4 46. fxg4 Ne4 47. Rf1 Qe7 48. Be3 Rh6 49. Bxe4 dxe4 50. d5 Bxd5 
51. Kg2 Qd8 52. Ref2 Rhg6 53. Qd4 b6 54. a4 a5 55. Rf7 Rh8 56. R1f2 Re8 
57. Qe5 Rgg8 58. b4 axb4 59. a5 b3 60. axb6 Re7 61. Rf1 b2 62. R7f2 Qb8 
63. Qd4 Qd6 64. Rxb2 Kb8 65. Rbf2 Rb7 66. Rf7 Rd8 67. Rxb7+ Kxb7 68. Qg7+ Kc8 
69. Rf7 Rd7 70. Qg8+ Kb7 71. Rf8 Ka6 72. Rf2 Kb7 73. Ra2 Rd8 74. Qf7+ Rd7 
75. Ra7+ Kc8 76. Qe8+ Rd8 77. Qa4 Bb7 78. Ra5 Bc6 79. Qxc4 Kd7 80. Ra7+ Ke8 
81. Rc7 Bd7 82. Bxg5 Rb8 83. b7 e3 84. Rc8+ Bxc8 85. bxc8=Q+ Rxc8 86. Qxc8+ Kf7 
87. Qb7+ Ke8 88. Qe7+ Qxe7 89. Bxe7 Kxe7 90. Kf3 e2 1-0

[Event "Monday Night Engine Tour 11 rd Swiss 5m+1s Starts at 2200hrs ST"]
[Site "Infinity Chess"]
[Date "2018.4.23"]
[Round "1"]
[White "Dovahkiin"]
[Black "Seliga"]
[Result "1/2-1/2"]
[ECO "C50"]
[WhiteElo "2462"]
[BlackElo "2502"]
[WhiteEngine "BrainFish_180418_x64_modern_CTG"]
[BlackEngine "AsmFish A12_CTG"]
[EventType "Swiss"]
[WhiteTeam ""]
[BlackTeam ""]
[PlyCount "143"]
[TimeControl "300+1"]

1. e4 e5 2. Nf3 Nc6 3. Bc4 Bc5 4. O-O Nf6 5. d3 O-O 6. c3 d6 7. Re1 Ng4 
8. Re2 a6 9. Nbd2 h6 10. a4 a5 11. Nf1 Nf6 12. h3 Be6 13. Bxe6 fxe6 14. Qb3 Qd7 
15. Ng3 Rad8 16. Be3 Bxe3 17. Rxe3 Rf7 18. Qa3 g5 19. Nh2 h5 20. Qb3 Kh8 
21. Qd1 Rh7 22. Rf3 Qe7 23. Rxf6 Qxf6 24. Nxh5 Qf7 25. Ng3 Ne7 26. Ng4 Ng6 
27. b4 axb4 28. cxb4 Nf4 29. a5 c6 30. Qd2 Qg7 31. Rc1 Ra8 32. Rc2 Rh4 
33. Nf1 Kh7 34. Qc3 Kg6 35. Nfe3 Rf8 36. Qc4 Rh7 37. f3 Qh8 38. Nf2 Re7 
39. Kh2 Nxg2 40. Kxg2 Qf6 41. Nf1 Qxf3+ 42. Kg1 g4 43. hxg4 Rf4 44. d4 exd4 
45. Rd2 Rg7 46. Qe2 e5 47. Qxf3 Rxf3 48. Ra2 Rb3 49. Kg2 Rxb4 50. Ng3 Rc4 
51. Nf5 Rd7 52. Ra1 Rc2 53. Rh1 d5 54. Rh6+ Kg5 55. Re6 dxe4 56. Rxe5 d3 
57. Ne3+ Kf6 58. Rxe4 Ra2 59. Rf4+ Ke7 60. Kf3 Rxa5 61. Nc4 Rc5 62. Ke3 b5 
63. Re4+ Kf6 64. Nb6 Re7 65. Nxd3 Rg5 66. Rxe7 Kxe7 67. Nc8+ Kd8 68. Na7 Rxg4 
69. Nxc6+ Ke8 70. Nde5 b4 71. Nxg4 b3 72. Kd3 1/2-1/2